 Dungeon Crawl Stone Soup version 0.20-a0-1074-g6a0a8e1 (webtiles) character file.

651409 Hybris the Slayer (level 27, -11/188 HPs)
             Began as a Minotaur Fighter on Apr 20, 2017.
             Was the Champion of Uskayaw.
             Mangled by a tentacled starspawn (13 damage)
             ... on level 5 of the Abyss on Apr 29, 2017.
             The game lasted 05:30:14 (68117 turns).

Hybris the Slayer (Minotaur Fighter)               Turns: 68117, Time: 05:30:16

Health: -11/188    AC: 24    Str: 49    XL:     27
Magic:  31/31      EV: 11    Int: 13    God:    Uskayaw [******]
Gold:   4815       SH: 42    Dex:  8    Spells: 17/26 levels left

rFire    . . .     SeeInvis +   K - +8 morningstar of the Final Chapter {elec, Str+7 Int+4 Dex-2}
rCold    . . .     Gourm    .   b - +7 large shield
rNeg     + + .     Faith    .   H - +7 chain mail of Agha {rElec MR+++}
rPois    +         Spirit   .   N - +2 hat
rElec    +         Reflect  +   C - +2 cloak {+Inv}
rCorr    .         Harm     .   R - +0 pair of gloves of Amelioration {Regen+ Int+6 SInv}
MR       +++++     Rnd*Rage +   M - +2 pair of boots {run} Stlth ..........Rnd*Tele +
                                I - +5 amulet of reflection
Regen    0.9/turn               U - ring of the Townfolk {rPois MR+++ EV+2 Str+7 Slay-5}
MPRegen  0.3/turn               z - ring of Xeismi {*Corrode +Blink rN++ Int+2 Slay+3}

@: mighty, liquid flames, hasted and slowed, glowing, quick
A: retaliatory headbutt, hooves 1, horns 2, berserk 1[+1], blurry vision 1,
clumsy 1, [deformed body], deterioration 1[+1], dopey 2, frail 1[+2], low mp 1,
screaming 1, teleportitis 1, weak 1, no potion heal 1[+2], [subdued magic 3],
[MP-powered wands]
}: 4/15 runes: barnacled, slimy, silver, gossamer
a: Stomp, Line Pass, Grand Finale, Renounce Religion, Evoke Blink, Evoke
Invisibility


You were on level 5 of the Abyss.
You worshipped Uskayaw.
Uskayaw was most pleased with you.
You were very hungry.

You visited 10 branches of the dungeon, and saw 50 of its levels.
You visited the Abyss 1 time.
You also visited: Sewer and Wizlab.

You collected 6311 gold pieces.
You spent 1496 gold pieces at shops.

Inventory:

Hand Weapons
 g - a +9 hand axe of venom
 y - the +10 hunting sling of Lissof {velocity, rElec MR+ Int-2 Dex+3}
   (You bought it in a shop on level 2 of the Orcish Mines)

   Any stone fired from it inflicts extra damage.
   It affects your intelligence (-2).
   It affects your dexterity (+3).
   It insulates you from electricity.
   It affects your resistance to hostile enchantments.
 K - the +8 morningstar of the Final Chapter (weapon) {elec, Str+7 Int+4 Dex-2}
   (You took it off a deep elf annihilator on level 3 of the Elven Halls)

   Occasionally, upon striking a foe, it will discharge some electrical energy
   and cause terrible harm.
   It affects your strength (+7).
   It affects your intelligence (+4).
   It affects your dexterity (-2).
Missiles
 v - 1137 stones
 A - 10 javelins of penetration
 O - 159 sling bullets
 W - 58 javelins of returning (quivered)
 X - 36 silver javelins
Armour
 b - a +7 large shield (worn)
 C - a +2 cloak of invisibility (worn)
 H - the +7 chain mail of Agha (worn) {rElec MR+++}
   (You took it off a deep elf high priest on level 3 of the Elven Halls)

   It insulates you from electricity.
   It affects your resistance to hostile enchantments.
 M - a +2 pair of boots of running (worn)
 N - a +2 hat (worn)
 R - the +0 pair of gloves of Amelioration (worn) {Regen+ Int+6 SInv}
   (You bought it in a shop on level 1 of the Elven Halls)

   It affects your intelligence (+6).
   It lets you see invisible.
   It increases your rate of regeneration.
Jewellery
 h - the ring "Raint" {rElec rPois MR++}
   (You found it on level 5 of the Vaults)

   [ring of poison resistance]

   It insulates you from electricity.
   It protects you from poison.
   It affects your resistance to hostile enchantments.
 j - the amulet "Odamed Susu" {Gourm +Fly rC+ rN+ MR+}
   (You took it off a necromancer on level 4 of the Depths)

   [amulet of the gourmand]

   It allows you to eat raw meat even when not hungry.
   It protects you from cold.
   It protects you from negative energy.
   It affects your resistance to hostile enchantments.
   It lets you fly.
 z - the ring of Xeismi (right hand) {*Corrode +Blink rN++ Int+2 Slay+3}
   (You took it off a deep elf death mage on level 3 of the Elven Halls)

   [ring of intelligence]

   It affects your intelligence (+2).
   It affects your accuracy and damage with ranged weapons and melee attacks
   (+3).
   It greatly protects you from negative energy.
   It lets you blink.
   It may corrode you when you take damage.
 E - the ring "Luires" {rCorr rC+}
   (You took it off a tengu reaver on level 5 of the Vaults)

   [ring of resist corrosion]

   It protects you from cold.
 I - a +5 amulet of reflection (around neck)
 U - the ring of the Townfolk (left hand) {rPois MR+++ EV+2 Str+7 Slay-5}
   (You acquired it on level 2 of the Lair of Beasts)

   [ring of evasion]

   It affects your evasion (+2).
   It affects your strength (+7).
   It affects your accuracy and damage with ranged weapons and melee attacks
   (-5).
   It protects you from poison.
   It affects your resistance to hostile enchantments.
Wands
 V - a wand of digging (9/24)
Scrolls
 m - 5 scrolls of magic mapping
 n - 16 scrolls of remove curse
 o - 13 scrolls of teleportation
 r - 2 scrolls of identify
 w - a scroll of blinking
 x - 6 scrolls of fear
 D - a scroll of fog
 F - 8 scrolls of recharging
 G - a scroll of brand weapon
 Z - 8 scrolls of enchant weapon
Potions
 d - 4 potions of might
 l - 6 potions of haste
 q - 6 potions of ambrosia
 s - 3 potions of resistance
 t - 10 potions of curing
 u - 2 potions of magic
 B - 4 potions of agility
 J - 5 potions of berserk rage
 Q - 2 potions of cancellation
 T - 7 potions of flight
Miscellaneous
 c - 4 phantom mirrors
 L - a lightning rod (3/4)
 Y - a phial of floods
Comestibles
 a - 19 fruits
 f - 17 bread rations
 i - 12 royal jellies
 p - 29 meat rations
 P - 5 chunks of flesh


   Skills:
 * Level 26.1 Fighting
   Level 6.4 Long Blades
 - Level 19.9(22.7) Axes
 - Level 19.8(22.7) Maces & Flails
 - Level 16.6 Slings
 - Level 8.6 Armour
 - Level 25.3 Shields
 - Level 11.2 Air Magic
 * Level 19.2 Invocations


You had 17 spell levels left.
You knew the following spells:

 Your Spells              Type           Power        Failure   Level  Hunger
a - Swiftness             Chrm/Air       #.......     6%          2    ###....
b - Blink                 Tloc           N/A          63%         2    ###....
c - Mephitic Cloud        Conj/Pois/Air  #.......     30%         3    ####...
d - Passwall              Tmut/Erth      #.........   63%         2    ###....


Dungeon Overview and Level Annotations

Branches:
Dungeon (15/15)            Temple (1/1) D:4            Lair (6/6) D:8
 Shoals (4/4) Lair:3       Spider (4/4) Lair:4        Slime (5/5) Lair:6
    Orc (2/2) D:11            Elf (3/3) Orc:2        Vaults (5/5) D:13
  Crypt (0/3) Vaults:3     Depths (5/5) D:15            Zot (0/5) Depths:5

Altars:
Ashenzari
Cheibriados
Dithmenos
Elyvilon
Fedhas
Gozag
Hepliaklqana
Kikubaaqudgha
Makhleb
Nemelex Xobeh
Okawaru
Qazlal
Ru
Sif Muna
Trog
Uskayaw
Vehumet
Wu Jian
Xom
Yredelemnul
Zin
The Shining One
Beogh
Lugonu

Shops:
D:7 (   D:14 :   Orc:2 =*[(   Elf:1 ?[%   Shoals:1 *   Vaults:4 %
Depths:2 =}=   Depths:3 }:

Portals:
Hell: Depths:1 Depths:2 Depths:3 Depths:4 Depths:5
Abyss: Depths:1 Depths:4
Pandemonium: Depths:2 Depths:3 Depths:5
Ziggurat: Depths:2
Trove: D:11 (give 2 scrolls of acquirement)

Annotations:
D:15 3 runed doors


Innate Abilities, Weirdness & Mutations

You reflexively headbutt those who attack you in melee.
You have a pair of horns on your head.
You have large cloven feet.
Scrolls take you a little longer to read.
You are clumsy. (Dex -2)
You are very dopey. (Int -4)
Your magical capacity is low. (-10% MP)
You occasionally shout uncontrollably at your foes.
You are occasionally teleported next to monsters.
You are weak. (Str -2)
[You often lose your temper in combat.]
[Armour fits poorly on your strangely shaped body.]
[Your body often deteriorates upon taking damage.]
[You are extremely frail. (-30% HP)]
[Potions cannot restore your health.]
[Your spells are much easier to cast, but much less powerful.]
[You expend magic power (3 MP) to strengthen your wands.]


Message History

You pound the flying skull like an anvil!!!
You destroy the flying skull!
You are covered in liquid flames!
* * * LOW HITPOINT WARNING * * *
You hear a roar!
You hear a bark!
The wretched star pulses with an eldritch light!
Your system mostly rejects the healing effects of potions.
Your system completely rejects the healing effects of potions.
The starcursed mass shrieks in your mind.
* * * LOW HITPOINT WARNING * * *
Tentacles burst from the starspawn's body!
The smoke demon hits you but does no damage. x3 2 starspawn tentacles and 2 raiju come into view.
Your system rejects the healing.
You feel better.
You are covered in liquid flames!
* * * LOW HITPOINT WARNING * * *
You feel less invigorated.
You block the profane servitor's attack. x2
The tentacled starspawn bites you!
You die...

## . §#...§§.. ##
..#d... # ...
.§#*hh... ..#§.#
.÷.* # ##.
..X#∩X.§#
...#§.§.hw.§###..
$ ...§§W/#. .. .
#zAX##.X..# #
§§@w#....# #
§§§3...##
§..§§.### . ..§.
### . #####


You could see a profane servitor, a white draconian, a tentacled starspawn, 2
wretched stars, a shadow wraith (invisible), a large abomination, a smoke demon,
3 raiju, 2 starspawn tentacles and a flying skull.

Vanquished Creatures
  the Royal Jelly (Slime:5)
  An ancient lich (Vaults:5)
  Sojobo (Vaults:5)
  Margery (Depths:5)
  Saint Roka (Elf:3)
  A caustic shrike (Depths:4)
  A golden dragon (Vaults:5)
  4 bone dragons
  A Tzitzimitl (Depths:3)
  A tentacled monstrosity (Vaults:5)
  Jorgrun (Elf:2)
  4 deep elf blademasters (Elf:3)
  6 liches
  A Hell Sentinel (Abyss:1)
  8 titans
  4 quicksilver dragons
  2 Executioners
  A deep elf master archer (Elf:3)
  Polyphemus (Shoals:2)
  5 krakens
  16 tentacled starspawn
  9 acid blobs
  8 sphinxes
  An ancient champion (Vaults:3)
  A sphinx (shapeshifter) (Vaults:5)
  Kirke (Spider:3)
  8 storm dragons
  Agnes (Elf:2)
  6 fire giants
  A daeva (Abyss:1)
  Ilsuiw (Shoals:4)
  16 shadow dragons
  9 tengu reavers
  11 azure jellies
  3 emperor scorpions
  15 vault wardens
  A draconian scorcher (Depths:5)
  A fire giant (shapeshifter) (Depths:4)
  12 deep elf sorcerers
  4 balrugs
  6 deep elf elementalists
  An orc warlord (Orc:1)
  3 ghost moths (Spider:4)
  The ghost of nht the Blocker, a journeyman DsMo of Ashenzari (Lair:6)
  10 frost giants
  Aizul (Depths:1)
  2 draconian shifters
  4 spriggan defenders
  28 very ugly things
  A caustic shrike zombie (Depths:4)
  26 stone giants
  16 ironheart preservers
  A draconian stormcaller (Depths:5)
  2 war gargoyles (Vaults:5)
  8 vampire knights
  A dire elephant (shapeshifter) (Vaults:5)
  A black draconian (Depths:5)
  Nessos (D:12)
  14 deep elf annihilators
  10 deep elf demonologists
  A white draconian (Depths:5)
  8 spark wasps
  7 entropy weavers
  3 red draconians (Depths:5)
  A lorocyproca (Abyss:5)
  A yellow draconian (Depths:5)
  The ghost of Duffy the Destroyer, a journeyman DEFE of Vehumet (Lair:6)
  A crystal guardian (Vaults:3)
  2 eidola
  12 merfolk javelineers
  6 deep elf death magi (Elf:3)
  5 merfolk impalers
  2 death oozes (Slime:5)
  5 ettins
  6 fire dragons
  A blizzard demon (Abyss:5)
  12 yaktaur captains
  8 deep elf high priests
  Fannar (Lair:2)
  Erolcha (D:11)
  33 vault guards
  5 rakshasas
  A hell beast (Depths:1)
  A caustic shrike simulacrum (Depths:4)
  10 great orbs of eyes
  A hydra (Lair:6)
  An ice dragon (shapeshifter) (Vaults:5)
  10 ice dragons
  3 spriggan air magi
  3 alligator snapping turtles
  2 catoblepae
  2 merfolk avatars (Shoals:3)
  8 centaur warriors
  A monstrous demonspawn (Depths:2)
  Erica (Lair:2)
  An alligator (shapeshifter) (Depths:5)
  14 ogre magi
  45 two-headed ogres
  5 death knights
  2 merfolk aquamancers
  A queen ant (Spider:4)
  12 deep troll shamans
  5 tengu warriors
  Urug (D:12)
  5 orc high priests
  5 hell hogs (Abyss:5)
  33 dancing weapons
  6 death yaks
  11 deep troll earth magi
  22 thrashing horrors
  3 vampire magi
  9 wretched stars
  6 sun demons
  2 soul eaters
  6 shadow wraiths
  20 deep elf knights
  4 spriggan berserkers
  3 sixfirhies
  3 hell knights
  A salamander mystic (Depths:2)
  2 fire crabs (Shoals:1)
  3 skeletal warriors (Depths:1)
  3 iron trolls (Depths:4)
  6 spatial maelstroms
  25 deep trolls
  4 unseen horrors
  An unseen horror (shapeshifter) (Vaults:5)
  4 wizards
  4 flayed ghosts
  3 glowing orange brains
  4 shadow demons
  8 sea snakes
  A swamp dragon (Lair:6)
  8 phantasmal warriors
  24 ironbrand convokers
  A lindwurm (Lair:6)
  15 deep elf archers
  An orange crystal statue (D:15)
  20 orc knights
  An anaconda skeleton (WizLab)
  A wolf spider zombie (D:15)
  19 orb spiders
  23 harpies
  4 necromancers
  8 orc sorcerers
  48 wolf spiders
  A wolf spider (shapeshifter) (Vaults:5)
  15 manticores
  8 worldbinders
  6 shining eyes
  71 deep elf magi
  55 ugly things
  11 cyclopes
  A salamander (Depths:2)
  A guardian serpent (shapeshifter) (Vaults:4)
  3 fauns
  16 vault sentinels
  8 merfolk sirens
  A salamander (shapeshifter) (Depths:4)
  8 water nymphs
  4 rust devils
  A naga mage (D:15)
  A gargoyle (D:15)
  2 guardian serpents
  2 apocalypse crabs (Abyss:5)
  An eye of devastation (Slime:5)
  12 black mambas
  Psyche (D:8)
  A dire elephant zombie (Abyss:1)
  14 spiny frogs
  13 smoke demons
  A torpor snail (Lair:6)
  5 spectral swamp worms (Depths:3)
  A hellion (Abyss:5)
  9 rime drakes
  2 orange demons (Abyss:1)
  6 komodo dragons
  12 freezing wraiths
  A centaur skeleton (D:13)
  A rime drake (shapeshifter) (Vaults:2)
  2 komodo dragons (shapeshifter)
  6 efreet
  9 hellwings
  50 yaktaurs
  2 ice devils (Abyss:1)
  12 demonic crawlers
  A kobold demonologist (D:15)
  2 tengu conjurers (Depths:5)
  2 yaktaurs (shapeshifter)
  14 ancient zymes
  14 trolls
  A red devil (Abyss:1)
  A meliai (Vaults:1)
  48 jumping spiders
  A harpy zombie (Abyss:1)
  A polar bear (Lair:6)
  A queen bee (shapeshifter) (Vaults:4)
  17 blink frogs
  A silent spectre (Abyss:1)
  36 merfolk
  A wind drake (Shoals:4)
  17 hornets
  2 iron dragon simulacra
  A hornet (shapeshifter) (Vaults:4)
  A frost giant simulacrum (Abyss:4)
  6 snapping turtles
  A wolf spider simulacrum (D:14)
  42 raiju
  2 blink frogs (shapeshifter)
  An ice dragon zombie (Abyss:1)
  90 slime creatures
  2 dream sheep (Lair:6)
  A stone giant simulacrum (Vaults:1)
  Sigmund (D:2)
  57 starcursed masses
  9 hippogriffs
  118 redbacks
  4 spriggans
  A flying skull (Abyss:5)
  A tarantella (shapeshifter) (Vaults:2)
  7 shadows
  32 tarantellas
  37 yaks
  6 air elementals
  15 wyverns
  2 wraiths
  3 yaks (shapeshifter)
  2 fire bats
  38 large abominations
  19 water elementals
  10 ynoxinuls
  5 fire elementals
  2 hogs (shapeshifter)
  5 hogs
  3 vampires
  5 basilisks
  13 neqoxecs
  12 chaos spawn
  3 human simulacra (Vaults:2)
  3 steam dragons
  5 hungry ghosts
  5 spatial vortices
  6 vampire mosquitoes
  An insubstantial wisp (Abyss:1)
  2 wargs
  28 small abominations
  6 acid dragons
  19 water moccasins
  23 soldier ants
  6 porcupines
  9 hell hounds
  5 sky beasts
  2 floating eyes (Depths:3)
  7 ice beasts
  Duvessa (D:4)
  65 orc warriors
  An eye of draining (shapeshifter) (Depths:3)
  A sky beast (shapeshifter) (Vaults:5)
  A torturous demonspawn skeleton (WizLab)
  7 eyes of draining
  2 phantoms
  A necrophage (D:11)
  19 boggarts
  A tengu (shapeshifter) (Abyss:1)
  38 ogres
  A centaur (shapeshifter) (D:15)
  An orc skeleton (Vaults:2)
  14 centaurs
  10 crocodiles
  An elf zombie (D:8)
  13 bullfrogs
  7 earth elementals
  Dowan (D:4)
  A gnoll sergeant (D:9)
  A scorpion (D:9)
  15 killer bees
  14 wights
  2 electric eels
  7 howler monkeys
  7 crimson imps
  A bullfrog zombie (D:11)
  6 centaur zombies
  6 human zombies
  7 quasits
  29 orc priests
  6 hounds
  8 jellies
  21 orc wizards
  2 bullfrog skeletons (D:13)
  3 iron imps (Abyss:1)
  Jessica (D:2)
  4 iguanas
  Natasha (thrice) (D:2)
  Ijyb (D:4)
  A worker ant (shapeshifter) (Vaults:3)
  27 worker ants
  A killer bee zombie (D:7)
  A hound zombie (D:11)
  2 hound skeletons
  3 mummies (D:8)
  8 gnolls
  9 adders
  A howler monkey skeleton (D:9)
  3 river rats
  4 shadow imps
  5 white imps (Abyss:1)
  6 ufetubi
  18 oozes
  4 adder zombies
  An adder skeleton (D:4)
  A worm (D:2)
  5 leopard geckos
  130 orcs
  8 bats
  6 giant cockroaches
  9 goblins
  11 hobgoblins
  11 jackals
  A kobold (shapeshifter) (Vaults:5)
  4 quokkas
  8 ball pythons
  10 frilled lizards
  7 kobolds
  A leopard gecko zombie (D:6)
  An orc zombie (D:8)
  17 rats
  A butterfly (D:4)
  2 crawling corpses (Elf:3)
  3 fungi
  A lurking horror (Abyss:1)
  15 plants
  11 starspawn tentacles
  12 tentacles
2859 creatures vanquished.

Vanquished Creatures (collateral kills)
  2 deep elf magi (Elf:1)
  A redback (Spider:4)
3 creatures vanquished.

Vanquished Creatures (others)
  A bone dragon (Abyss:5)
  Nikola (Depths:2)
  A ghost moth (Spider:4)
  A stone giant (Vaults:2)
  A deep elf annihilator (Elf:1)
  A merfolk impaler (Shoals:4)
  4 merfolk javelineers
  3 yaktaur captains
  2 centaur warriors
  2 satyrs
  A deep troll shaman (Depths:4)
  A tengu warrior (D:14)
  A deep elf knight (Elf:1)
  A wretched star (Abyss:4)
  2 deep elf archers
  3 deep elf magi
  A faun (Shoals:1)
  A manticore (Shoals:4)
  A salamander (Depths:2)
  A merfolk siren (Shoals:2)
  A black mamba (shapeshifter) (Depths:2)
  23 yaktaurs
  2 jumping spiders
  A merfolk (Shoals:4)
  A shadow (Depths:3)
  A fire elemental (Abyss:5)
  A warg (Vaults:4)
  4 small abominations
  A starcursed mass (Abyss:5)
  An ogre (Depths:4)
  3 centaurs
  A white imp (Abyss:1)
  An orc (Orc:2)
  A kobold (D:6)
  2 bushes (Abyss:5)
  7 demonic plants (Abyss:5)
  11 fungi
  2 lurking horrors (Abyss:5)
  21 plants
  27 starspawn tentacles
  53 tentacles
195 creatures vanquished.

Grand Total: 3057 creatures vanquished

Notes
Turn   | Place    | Note
-------+----------+-------------------------------------------
     0 | D:1      | Hybris the Minotaur Fighter began the quest for the Orb.
     0 | D:1      | Reached XP level 1. HP: 19/19 MP: 0/0
   252 | D:1      | Reached XP level 2. HP: 26/26 MP: 1/1
   834 | D:2      | Noticed Natasha
   836 | D:2      | Noticed a crimson imp
   836 | D:2      | Killed Natasha
   836 | D:2      | Reached XP level 3. HP: 31/31 MP: 2/2
  1063 | D:2      | Noticed Natasha
  1070 | D:2      | Killed Natasha
  1070 | D:2      | Reached skill level 5 in Long Blades
  1070 | D:2      | Reached XP level 4. HP: 19/39 MP: 3/3
  1290 | D:2      | Noticed Jessica
  1310 | D:2      | Killed Jessica
  1432 | D:2      | Noticed Natasha
  1439 | D:2      | Killed Natasha
  1439 | D:2      | Reached XP level 5. HP: 36/45 MP: 4/4
  1511 | D:2      | Noticed Sigmund
  1529 | D:2      | Killed Sigmund
  1529 | D:2      | Reached skill level 4 in Fighting
  1529 | D:2      | Reached XP level 6. HP: 22/53 MP: 5/5
  2539 | D:3      | Found an opulent altar of Gozag.
  2736 | D:4      | Noticed Duvessa
  2751 | D:4      | Killed Duvessa
  2751 | D:4      | Reached skill level 5 in Fighting
  2752 | D:4      | Noticed Dowan
  2930 | D:4      | Killed Dowan
  2930 | D:4      | Reached skill level 5 in Axes
  2930 | D:4      | Reached XP level 7. HP: 60/61 MP: 6/6
  2980 | D:4      | Found a snail-covered altar of Cheibriados.
  3397 | D:4      | Noticed Ijyb
  3405 | D:4      | Killed Ijyb
  3418 | D:4      | Found a staircase to the Ecumenical Temple.
  3437 | Temple   | Entered the Ecumenical Temple
  3573 | Temple   | Became a worshipper of Uskayaw the Reveler
  3614 | D:4      | Reached * piety under Uskayaw
  3721 | D:4      | Reached ** piety under Uskayaw
  3726 | D:4      | Reached *** piety under Uskayaw
  3928 | D:5      | Entered Level 5 of the Dungeon
  4040 | D:5      | Reached skill level 6 in Fighting
  4135 | D:5      | Found a white marble altar of Elyvilon.
  4205 | D:5      | Reached XP level 8. HP: 71/71 MP: 7/7
  4239 | D:5      | Gained mutation: [You are frail. (-10% HP)] [mutagenic meat]
  4240 | D:5      | Lost mutation: [You are frail. (-10% HP)] [mutagenic meat]
  4241 | D:5      | Gained mutation: Your natural rate of healing is unusually fast. [mutagenic meat]
  4242 | D:5      | Gained mutation: Scrolls take you a little longer to read. [mutagenic meat]
  4458 | D:5      | Found a blossoming altar of Fedhas.
  4459 | D:5      | Found an ancient bone altar of Kikubaaqudgha.
  4522 | D:5      | Reached skill level 7 in Fighting
  4653 | D:6      | Reached **** piety under Uskayaw
  4679 | D:6      | Found a radiant altar of Vehumet.
  4820 | D:6      | Found a glowing drain.
  4830 | Sewer    | Entered a sewer
  5211 | D:6      | Learned a level 2 spell: Swiftness
  5226 | D:6      | Found a stormy altar of Qazlal.
  5229 | D:6      | Noticed an air elemental
  5437 | D:6      | Found an iron altar of Okawaru.
  5572 | D:7      | Noticed a hornet
  5581 | D:7      | Paralysed by a hornet for 1 turns
  5584 | D:7      | Killed a hornet
  5584 | D:7      | Reached skill level 8 in Fighting
  5584 | D:7      | Reached skill level 10 in Axes
  5657 | D:7      | Reached XP level 9. HP: 74/81 MP: 8/8
  5747 | D:7      | Found Peekuabe's Antique Weapon Emporium.
  5846 | D:7      | Found a hazy altar of Hepliaklqana.
  5883 | D:7      | Found a sacrificial altar of Ru.
  6247 | D:8      | Found an opulent altar of Gozag.
  6302 | D:8      | Found a staircase to the Lair.
  6409 | D:8      | Reached skill level 9 in Fighting
  6410 | D:8      | Reached ***** piety under Uskayaw
  6467 | D:8      | Found a shattered altar of Ashenzari.
  6698 | D:8      | Noticed Psyche
  6707 | D:8      | Killed Psyche
  6707 | D:8      | Reached skill level 5 in Shields
  6988 | D:8      | Found a basalt altar of Yredelemnul.
  7616 | D:9      | Found an ornate altar of the Wu Jian Council.
  7675 | D:9      | Noticed a two-headed ogre
  7717 | D:8      | Reached XP level 10. HP: 56/93 MP: 9/9
  8061 | D:9      | Killed a two-headed ogre
  8061 | D:9      | Reached skill level 10 in Fighting
  8133 | D:9      | Found a shimmering altar of Xom.
  8510 | D:9      | Got a brightly glowing chain mail
  8513 | D:9      | Identified the +6 chain mail "Zorili Geust" {rF- rC+ MR- Str+5} (You found it on level 9 of the Dungeon)
  8597 | D:10     | Entered Level 10 of the Dungeon
  8665 | D:10     | Noticed a two-headed ogre
  8669 | D:10     | Killed a two-headed ogre
  8728 | D:10     | Gained mutation: Your mind is acute. (Int +2) [mutagenic meat]
  8778 | D:10     | Reached XP level 11. HP: 101/101 MP: 10/10
  8828 | D:10     | You fall through a shaft!
  8828 | D:11     | Found a roughly hewn altar of Beogh.
  8828 | D:11     | Found a staircase to the Orcish Mines.
  8828 | D:11     | Noticed an orc knight
  8849 | D:11     | Reached skill level 1 in Invocations
  8853 | D:11     | Killed an orc knight
  9422 | D:11     | Found a portal to a secret trove of treasure.
  9586 | Lair:1   | Entered Level 1 of the Lair of Beasts
  9586 | Lair:1   | Found a shadowy altar of Dithmenos.
  9593 | Lair:1   | Reached skill level 11 in Fighting
 10345 | Lair:1   | Reached skill level 10 in Shields
 10533 | Lair:2   | Noticed Fannar
 10553 | Lair:2   | Killed Fannar
 10703 | Lair:2   | Noticed Erica
 10712 | Lair:2   | Killed Erica
 10712 | Lair:2   | Reached XP level 12. HP: 87/112 MP: 14/14
 10788 | Lair:2   | Identified a scroll of acquirement
 10790 | Lair:2   | Got a scintillating brass ring
 10793 | Lair:2   | Identified the ring of the Townfolk {rPois MR+++ EV+2 Str+7 Slay-5} (You acquired it on level 2 of the Lair of Beasts)
 11021 | Lair:2   | Reached skill level 5 in Invocations
 11204 | Lair:3   | Reached skill level 12 in Fighting
 11400 | Lair:3   | Found a dark tunnel.
 11685 | Lair:3   | Found a staircase to the Shoals.
 11950 | Lair:4   | Noticed a death yak
 11950 | Lair:4   | Noticed a death yak
 11951 | Lair:4   | Noticed a death yak
 11952 | Lair:4   | Noticed a death yak
 11966 | Lair:4   | Killed a death yak
 11967 | Lair:4   | Killed a death yak
 11971 | Lair:4   | Killed a death yak
 11974 | Lair:4   | Killed a death yak
 11979 | Lair:4   | Reached ****** piety under Uskayaw
 12145 | Lair:4   | Reached skill level 13 in Fighting
 12330 | Lair:4   | Found a hole to the Spider Nest.
 12625 | Lair:5   | Reached XP level 13. HP: 113/122 MP: 13/17
 13264 | Lair:6   | Entered Level 6 of the Lair of Beasts
 13264 | Lair:6   | Noticed nht's ghost (journeyman DsMo)
 13447 | Lair:6   | Found a staircase to the Slime Pits.
 13471 | Lair:6   | Got a polished flail
 13474 | Lair:6   | Identified the +7 flail "Kupoucen" {freeze, rPois rN+ Int-3 Dex+3} (You found it on level 6 of the Lair of Beasts)
 13597 | Lair:6   | Reached skill level 15 in Shields
 13713 | Lair:6   | Reached skill level 14 in Fighting
 13809 | Lair:6   | Killed nht's ghost
 13809 | Lair:6   | Reached skill level 5 in Armour
 14046 | Lair:6   | Noticed Duffy's ghost (journeyman DEFE)
 14219 | Lair:6   | Reached skill level 1 in Slings
 14343 | Lair:6   | Killed Duffy's ghost
 14486 | Lair:6   | Reached XP level 14. HP: 123/133 MP: 18/20
 15422 | Orc:1    | Entered Level 1 of the Orcish Mines
 15424 | Orc:1    | Noticed Erolcha
 15448 | D:11     | Killed Erolcha
 15740 | Orc:2    | Entered Level 2 of the Orcish Mines
 16023 | Orc:2    | Found a staircase to the Elven Halls.
 16099 | Orc:2    | Noticed an orc warlord
 16144 | Orc:1    | Killed an orc warlord
 16331 | Orc:1    | Reached skill level 10 in Invocations
 16407 | Orc:2    | Reached skill level 15 in Fighting
 16613 | Orc:2    | Found Osot's General Store.
 16614 | Orc:2    | Found Popuin's Jewellery Boutique.
 16615 | Orc:2    | Found Tiutawny's Antique Armour Boutique.
 16615 | Orc:2    | Found Kuviul Ilisch's Antique Weapon Shop.
 16746 | Orc:2    | Reached skill level 5 in Slings
 16783 | Orc:2    | Found a roughly hewn altar of Beogh.
 16952 | Orc:2    | Bought a scroll of teleportation for 36 gold pieces
 16952 | Orc:2    | Bought a scroll of identify for 24 gold pieces
 16961 | Orc:2    | Bought a dazzling hunting sling for 208 gold pieces
 16961 | Orc:2    | Bought a pitted shortbow for 256 gold pieces
 16963 | Orc:2    | Identified the +10 hunting sling of Lissof {velocity, rElec MR+ Int-2 Dex+3} (You bought it in a shop on level 2 of the Orcish Mines)
 16969 | Orc:2    | Identified the +6 shortbow of Agony {velocity, rF+} (You bought it in a shop on level 2 of the Orcish Mines)
 17187 | D:12     | Noticed Nessos
 17191 | D:12     | Killed Nessos
 17595 | D:12     | Noticed Urug
 17623 | D:12     | Killed Urug
 18177 | D:13     | Lost mutation: Scrolls take you a little longer to read. [potion of mutation]
 18177 | D:13     | Lost mutation: Your natural rate of healing is unusually fast. [potion of mutation]
 18177 | D:13     | Lost mutation: Your mind is acute. (Int +2) [potion of mutation]
 18177 | D:13     | Gained mutation: You are clumsy. (Dex -2) [potion of mutation]
 18177 | D:13     | Lost mutation: You are clumsy. (Dex -2) [potion of mutation]
 18177 | D:13     | Gained mutation: You are robust. (+10% HP) [potion of mutation]
 18254 | D:13     | Found a gate to the Vaults.
 18277 | D:13     | Reached XP level 15. HP: 100/155 MP: 18/22
 18765 | D:14     | Found Guteg's Book Shoppe.
 19370 | D:15     | Entered Level 15 of the Dungeon
 19466 | D:15     | Found a runed door.
 19471 | D:15     | Reached skill level 10 in Slings
 19670 | D:15     | Found a runed door.
 19849 | D:15     | Found a runed door.
 20022 | D:15     | Found a runed door.
 20256 | D:15     | Found a staircase to the Depths.
 20270 | Depths:1 | Entered Level 1 of the Depths
 21094 | Spider:1 | Entered Level 1 of the Spider Nest
 21710 | Spider:1 | Reached XP level 16. HP: 139/163 MP: 24/24
 22193 | D:8      | Learned a level 2 spell: Blink
 22197 | D:8      | Learned a level 3 spell: Mephitic Cloud
 23065 | Spider:2 | Reached skill level 15 in Axes
 25982 | Spider:4 | Entered Level 4 of the Spider Nest
 25984 | Spider:4 | Noticed Kirke
 25990 | Spider:4 | Reached skill level 16 in Fighting
 26012 | Spider:3 | Killed Kirke
 27092 | Spider:4 | Reached skill level 17 in Fighting
 27107 | Spider:4 | Reached XP level 17. HP: 154/177 MP: 26/26
 28590 | Spider:4 | Reached skill level 18 in Fighting
 29630 | Spider:4 | Got a gossamer rune of Zot
 30295 | Shoals:1 | Entered Level 1 of the Shoals
 30713 | Shoals:1 | Identified the +5 great mace "Xukkymot" {antimagic, *Rage MR+ Dex+5} (You took it off a merfolk on level 1 of the Shoals)
 31225 | Shoals:1 | Found Jyihucro's General Store.
 31233 | Shoals:1 | Bought a scroll of enchant weapon for 82 gold pieces
 31233 | Shoals:1 | Bought a potion of heal wounds for 55 gold pieces
 31233 | Shoals:1 | Bought a potion of heal wounds for 55 gold pieces
 31360 | Shoals:1 | Upgraded the game from 0.20-a0-1026-gc3ddcbd to 0.20-a0-1039-gf554463
 31791 | Shoals:2 | Noticed Polyphemus
 31818 | Shoals:2 | Killed Polyphemus
 31903 | Shoals:2 | Reached skill level 19 in Fighting
 32022 | Shoals:2 | Reached skill level 15 in Slings
 32516 | Shoals:3 | Noticed a kraken
 32516 | Shoals:3 | Noticed a kraken
 32516 | Shoals:3 | Noticed a kraken
 32516 | Shoals:3 | Noticed a kraken
 32537 | Shoals:3 | Killed a kraken
 32542 | Shoals:3 | Killed a kraken
 32542 | Shoals:3 | Reached XP level 18. HP: 149/193 MP: 27/27
 33222 | Shoals:4 | Entered Level 4 of the Shoals
 33222 | Shoals:4 | Noticed Ilsuiw
 33577 | Shoals:4 | Reached skill level 20 in Fighting
 33718 | Shoals:4 | Got a barnacled rune of Zot
 33933 | Shoals:4 | Identified the amulet "Josinacw" {RegenMP rN+ Int+4} (You took it off a merfolk javelineer on level 4 of the Shoals)
 34012 | Shoals:4 | Killed Ilsuiw
 34861 | Shoals:3 | Upgraded the game from 0.20-a0-1039-gf554463 to 0.20-a0-1040-gfd09691
 34861 | Shoals:3 | Upgraded the game from 0.20-a0-1040-gfd09691 to 0.20-a0-1043-gbd57889
 35485 | Shoals:4 | Identified the +8 short sword of Resourcefulness {speed, rPois MP+9} (You found it on level 4 of the Shoals)
 35537 | Shoals:4 | Reached skill level 21 in Fighting
 35881 | Vaults:1 | Entered Level 1 of the Vaults
 36628 | Vaults:1 | Reached XP level 19. HP: 161/209 MP: 28/28
 38215 | Vaults:1 | Reached skill level 22 in Fighting
 38572 | Elf:1    | Entered Level 1 of the Elven Halls
 38945 | Elf:1    | Found Uduhyfy's Food Shoppe.
 38972 | Elf:1    | Bought a bread ration for 50 gold pieces
 38972 | Elf:1    | Bought a bread ration for 50 gold pieces
 38972 | Elf:1    | Bought a meat ration for 50 gold pieces
 39361 | Elf:1    | Identified the Catalogue of Creation
 39488 | Elf:1    | Found Okis Hytisk's Magic Scroll Emporium.
 39488 | Elf:1    | Found Govujit's Armour Boutique.
 39766 | Elf:1    | Bought a scroll of enchant weapon for 90 gold pieces
 39766 | Elf:1    | Bought a scroll of blinking for 90 gold pieces
 39766 | Elf:1    | Bought a scroll of identify for 24 gold pieces
 39766 | Elf:1    | Bought a scroll of identify for 24 gold pieces
 39766 | Elf:1    | Bought a scroll of identify for 24 gold pieces
 39766 | Elf:1    | Bought a scroll of identify for 24 gold pieces
 39777 | Elf:1    | Bought the cursed +0 pair of gloves of Amelioration {Regen+ Int+6 SInv} for 354 gold pieces
 40626 | Elf:2    | Reached XP level 20. HP: 222/222 MP: 30/30
 40633 | Elf:2    | Found a runed gate.
 40633 | Elf:2    | Found a runed gate.
 40634 | Elf:2    | Found a runed gate.
 40801 | Elf:2    | Noticed Jorgrun
 40820 | Elf:2    | Reached skill level 1 in Air Magic
 40823 | Elf:2    | Killed Jorgrun
 40833 | Elf:2    | Noticed Agnes
 40843 | Elf:2    | Killed Agnes
 41344 | Elf:3    | Entered Level 3 of the Elven Halls
 41352 | Elf:3    | Reached skill level 15 in Invocations
 41576 | Elf:3    | Noticed Saint Roka
 41604 | Elf:3    | Killed Saint Roka
 42125 | Elf:3    | Reached skill level 23 in Fighting
 43016 | Elf:3    | Reached skill level 5 in Air Magic
 43155 | Elf:3    | Identified the ring of Xeismi {*Corrode +Blink rN++ Int+2 Slay+3} (You took it off a deep elf death mage on level 3 of the Elven Halls)
 43612 | Elf:3    | Reached XP level 21. HP: 232/232 MP: 31/31
 43868 | Elf:3    | Identified the +8 morningstar of the Final Chapter {elec, Str+7 Int+4 Dex-2} (You took it off a deep elf annihilator on level 3 of the Elven Halls)
 44097 | Elf:3    | Identified the Catalogue of the Traveller and Combat Magic
 44126 | Elf:3    | Identified the +3 leather armour of the Stag {rN+ Str+2 Stlth-} (You found it on level 3 of the Elven Halls)
 44144 | Elf:3    | Identified the +1 flail of Truncation {flame, +Inv rElec MR- Str+7} (You found it on level 3 of the Elven Halls)
 44157 | Elf:3    | Upgraded the game from 0.20-a0-1043-gbd57889 to 0.20-a0-1050-g57248f3
 44256 | Elf:3    | Learned a level 2 spell: Passwall
 44455 | Elf:3    | Identified the +7 chain mail of Agha {rElec MR+++} (You took it off a deep elf high priest on level 3 of the Elven Halls)
 44815 | Vaults:2 | Reached skill level 1 in Maces & Flails
 45073 | Vaults:2 | Found a white marble altar of Elyvilon.
 45288 | Vaults:2 | Reached skill level 5 in Maces & Flails
 46275 | Vaults:3 | Found a staircase to the Crypt.
 47500 | Vaults:4 | Reached skill level 10 in Maces & Flails
 47546 | Vaults:4 | Found Ysungoc's Food Boutique.
 48008 | Vaults:4 | Found a magical portal.
 48017 | WizLab   | Entered The Roulette of Golubria
 48031 | WizLab   | Found a corrupted altar of Lugonu.
 48364 | WizLab   | Found a corrupted altar of Lugonu.
 48727 | Vaults:4 | Reached XP level 22. HP: 173/242 MP: 32/32
 49889 | Vaults:4 | Upgraded the game from 0.20-a0-1050-g57248f3 to 0.20-a0-1058-g0491fde
 49890 | Vaults:5 | Entered Level 5 of the Vaults
 49896 | Vaults:5 | Noticed an ancient lich
 49997 | Vaults:5 | Identified the +7 mace of Excruciating Pain {crush, Int+7 Stlth+} (You found it on level 5 of the Vaults)
 50006 | Vaults:5 | Identified the Catalogue of Entrancing Lightness
 50259 | Vaults:5 | Got a faintly glowing brass ring
 50365 | Vaults:5 | Reached skill level 15 in Maces & Flails
 50620 | Vaults:5 | Noticed Sojobo
 50640 | Vaults:5 | Killed Sojobo
 50640 | Vaults:5 | Reached skill level 10 in Air Magic
 50654 | Vaults:5 | Noticed a golden dragon
 50704 | Vaults:5 | Reached XP level 23. HP: 39/249 MP: 33/33
 51250 | Vaults:5 | Got a silver rune of Zot
 51473 | Vaults:5 | Killed an ancient lich
 51679 | Vaults:5 | Got a steaming glass ring
 52151 | Vaults:5 | Got a twitching platinum ring
 52404 | Vaults:5 | Got a scintillating jade ring
 52507 | Vaults:5 | Identified the +5 scimitar "Paonkiyst" {antimagic, rC+ MR+} (You found it on level 5 of the Vaults)
 52956 | Vaults:5 | Identified the Guide on Battle Magic
 53059 | Vaults:5 | Identified the ring "Raint" {rElec rPois MR++} (You found it on level 5 of the Vaults)
 53060 | Vaults:5 | Identified the ring "Luires" {rCorr rC+} (You took it off a tengu reaver on level 5 of the Vaults)
 53061 | Vaults:5 | Identified the ring of Qeih {rC+ rN+ MR+ Stlth+} (You took it off an orc sorcerer on level 5 of the Vaults)
 53062 | Vaults:5 | Identified the ring "Zacour" {Wiz rElec Dex+4} (You took it off a vault sentinel on level 5 of the Vaults)
 53200 | Vaults:4 | Upgraded the game from 0.20-a0-1058-g0491fde to 0.20-a0-1062-g7b787ac
 53626 | Slime:1  | Entered Level 1 of the Pits of Slime
 53636 | Slime:1  | Gained mutation: You are dopey. (Int -2) [a shining eye]
 53747 | Slime:2  | Gained mutation: You are occasionally teleported next to monsters. [a shining eye]
 54441 | Slime:5  | Entered Level 5 of the Pits of Slime
 54729 | Slime:5  | Gained mutation: You occasionally shout uncontrollably at your foes. [a shining eye]
 54730 | Slime:5  | Gained mutation: You are clumsy. (Dex -2) [a shining eye]
 54731 | Slime:5  | Gained mutation: Scrolls take you a little longer to read. [a shining eye]
 54740 | Slime:5  | Reached XP level 24. HP: 258/258 MP: 33/33
 54744 | Slime:5  | Noticed the Royal Jelly
 54753 | Slime:5  | Killed the Royal Jelly
 55178 | Slime:5  | Got a fine lapis lazuli ring
 55194 | Slime:5  | Identified the Reference Book on the Ashen Compass
 55197 | Slime:5  | Identified the Volume of Blows and Bruises and the Arsonist
 55221 | Slime:5  | Identified the Almanac of Spatial Lightness
 55231 | Slime:5  | Got a slimy rune of Zot
 55251 | Slime:5  | Identified the +4 chain mail "Orrukaxa" {MR+ Str+5 Dex-3} (You found it on level 5 of the Pits of Slime)
 55258 | Slime:5  | Identified the ring of Ydoxzit {-Tele rElec Slay+2 Stlth+} (You found it on level 5 of the Pits of Slime)
 55260 | Slime:5  | Identified the cursed +1 rapier "Tunnur" {pierce, Str+5} (You found it on level 5 of the Pits of Slime)
 55535 | Slime:5  | Lost mutation: You are robust. (+10% HP) [mutagenic glow]
 55711 | Slime:5  | Upgraded the game from 0.20-a0-1062-g7b787ac to 0.20-a0-1065-g8446734
 56399 | Depths:1 | Noticed Aizul
 56408 | Depths:1 | Killed Aizul
 56475 | Depths:1 | Found a corrupted altar of Lugonu.
 56477 | Depths:1 | Found a one-way gate to the infinite horrors of the Abyss.
 56769 | Depths:1 | Found a gateway to Hell.
 56984 | Depths:2 | Found a gateway to a ziggurat.
 56998 | Depths:2 | Noticed Nikola
 57030 | Depths:2 | Killed Nikola
 57324 | Depths:2 | Found Taxuh's Jewellery Shoppe.
 57324 | Depths:2 | Found Cuifi's Gadget Shop.
 57332 | Depths:2 | Found Tavea's Jewellery Shoppe.
 57448 | Depths:2 | Found a one-way gate leading to the halls of Pandemonium.
 57655 | Depths:2 | Found a runed door.
 57704 | Depths:2 | Identified Yjaper's Reference Book on Supportive Dislocation
 58809 | Depths:3 | Found Moyck's Gadget Shop.
 58813 | Depths:3 | Found Gockela's Book Shop.
 59386 | Depths:3 | Found a shadowy altar of Dithmenos.
 59407 | Depths:3 | Reached XP level 25. HP: 84/243 MP: 31/33
 60572 | Depths:3 | Upgraded the game from 0.20-a0-1065-g8446734 to 0.20-a0-1074-g6a0a8e1
 61356 | Depths:4 | Identified the amulet "Odamed Susu" {Gourm +Fly rC+ rN+ MR+} (You took it off a necromancer on level 4 of the Depths)
 61793 | Depths:4 | Identified a +2 pair of boots of running (You found it on level 4 of the Depths)
 61805 | Depths:4 | Identified the ring of Aliracac {Ice -Tele rPois Str-2 Slay+6} (You found it on level 4 of the Depths)
 61912 | Depths:3 | Paralysed by a floating eye for 4 turns
 62834 | Depths:4 | Got a fine scale mail
 62845 | Depths:4 | Identified the +4 scale mail "Enuick" {-Cast Regen+ rCorr Slay+5} (You found it on level 4 of the Depths)
 62926 | Depths:5 | Entered Level 5 of the Depths
 63035 | Depths:5 | Noticed Margery
 63043 | Depths:5 | Killed Margery
 63080 | Depths:5 | Found a gate to the Realm of Zot.
 63094 | Depths:5 | Reached XP level 26. HP: 252/253 MP: 33/33
 63918 | Depths:4 | Voluntarily entered the Abyss.
 63997 | Abyss:1  | Gained mutation: You have large cloven feet. [a neqoxec]
 64108 | Abyss:1  | Reached skill level 24 in Fighting
 64363 | Abyss:1  | Paralysed by accursed screaming for 1 turns
 64420 | Abyss:1  | Gained mutation: [You tend to lose your temper in combat.] [a neqoxec]
 64741 | Abyss:1  | Found a shattered altar of Ashenzari.
 65192 | Abyss:1  | Found a corrupted altar of Lugonu.
 65254 | Abyss:1  | Found a corrupted altar of Lugonu.
 65310 | Abyss:1  | Found a corrupted altar of Lugonu.
 65554 | Abyss:1  | Found a bloodstained altar of Trog.
 65622 | Abyss:1  | Found a bloodstained altar of Trog.
 65756 | Abyss:1  | Found a bloodstained altar of Trog.
 66189 | Abyss:1  | Reached skill level 25 in Fighting
 66225 | Abyss:1  | Found a corrupted altar of Lugonu.
 66350 | Abyss:1  | Gained mutation: You are very dopey. (Int -4) [a neqoxec]
 66456 | Abyss:1  | Found a corrupted altar of Lugonu.
 67040 | Abyss:4  | Found a corrupted altar of Lugonu.
 67042 | Abyss:4  | Found a shimmering altar of Xom.
 67177 | Abyss:4  | Paralysed by accursed screaming for 1 turns
 67249 | Abyss:4  | Gained mutation: [You are extremely frail. (-30% HP)] [a neqoxec]
 67259 | Abyss:4  | Reached XP level 27. HP: 155/186 MP: 24/27
 67378 | Abyss:5  | Entered Level 5 of the Abyss
 67513 | Abyss:5  | Identified the +5 flail of the Scorpion {crush, Dex+2} (You found it on level 5 of the Abyss)
 67944 | Abyss:5  | Gained mutation: Your magical capacity is low. (-10% MP) [a neqoxec]
 67954 | Abyss:5  | Gained mutation: [Your body sometimes deteriorates upon taking damage.] [a neqoxec]
 67965 | Abyss:5  | Gained mutation: You are weak. (Str -2) [a neqoxec]
 67977 | Abyss:5  | Gained mutation: [Potions are less effective at restoring your health.] [a neqoxec]
 68027 | Abyss:5  | Reached skill level 26 in Fighting
 68053 | Abyss:5  | Paralysed by accursed screaming for 1 turns
 68065 | Abyss:5  | Paralysed by accursed screaming for 2 turns
 68116 | Abyss:5  | HP: 6/188 [starcursed mass/accursed screaming (8)]
 68117 | Abyss:5  | HP: 1/188 [burnt (5)]
 68117 | Abyss:5  | Mangled by a tentacled starspawn

Vault maps used:
D:1:      roderic_crop_circles_arrival_small, nrook_loot_triangle
D:2:      first_bread, uniq_natasha, uniq_sigmund, uniq_jessica
D:3:      grunt_gozag_statues
D:4:      nicolae_overflow_crystal_walls, minmay_temple_entry_butterflies,
          kennysheep_dice, uniq_duvessa, uniq_ijyb
D:5:      grunt_temple_overflow_growth_and_decay, elyvilon_altar_1
D:6:      nicolae_qazlal_style_of_elements, okawaru_altar_gauntlet_db,
          overflow_temple_1_default, portal_sewer_entry_e
D:7:      old_standard_altar, serial_shops, kennysheep_little_box,
          nicolae_ru_the_path_less_chosen
D:8:      kennysheep_mini_moat, lemuel_mausoleum_altar_yredelemnul,
          old_standard_altar, lair_entry_dummy, uniq_psyche
D:9:      tgw_xom, marbit_many_paths
D:10:     nicolae_whirlpool
D:11:     david_orc_5, nicolae_trove_entry_columns
D:12:     uniq_nessos, uniq_urug
D:13:     lightli_vaults_fourway_checkpoint
D:14:     fountainhead, serial_shops, shop
D:15:     grunt_enter_depths_magical_seal, minmay_misc_feat_plants,
          glass_columns_a, minmay_statues_item, minmay_statue_crystal_thing
Temple:   jpeg_temple_island
Lair:1:   basic_altar
Lair:2:   uniq_erica, uniq_fannar
Lair:3:   elwin_shoals_entry_rooms, nicolae_volcano_entry_hallway,
          grunt_megastairs_3
Lair:4:   spider_nest_entry_funnel_web, minivault_24
Lair:5:   lemuel_slime
Lair:6:   hangedman_lair_tendril_chambers, guppyfry_lair_end_dragon, slime_dummy
Shoals:1: serial_shops, shop, hangedman_shoal_volcano
Shoals:2: uniq_polyphemus
Shoals:3: nicolae_shoals_kraken_party
Shoals:4: shoals_end_simple, shoal_ilsuiw, nicolae_shoals_mertower
Spider:3: nicolae_spider_webs_and_nodes
Spider:4: grunt_spider_rune_parallel, minivault_29, uniq_kirke
Slime:4:  nicolae_slime_phagocytosis
Orc:1:    basic_altar, uniq_erolcha, uniq_snorg
Orc:2:    st_orc_congregation, mines2_david
Elf:1:    minmay_elf_arrival_circle, portal_ice_cave_entry_pillars_three,
          serial_shops, nicolae_shop_stone, shop, nicolae_shop_statue_plus,
          minmay_elf_demonology
Elf:2:    uniq_jorgrun, uniq_agnes
Elf:3:    minmay_elf_hall_hex, minmay_misc_feat_ornament, uniq_saint_roka
Vaults:1: nicolae_vaults_know_your_exits, v_misc_22, v_rooms_5, v_misc_32,
          vaults_room_stairs_pillars, v_alt_pattern_3, nicolae_vaults_rhombus_7,
          hangedman_vaults_trim, ontoclasm_vaults_shuriken,
          vaults_dpeg_encased_lava
Vaults:2: hangedman_vaults_locks, v_misc_33, ontoclasm_vaults_idyll,
          hangedman_vaults_pinch, v_misc_9, nicolae_vaults_border_crossing,
          ontoclasm_vaults_twist, v_misc_26, nicolae_vaults_asterisk, st_lines,
          basic_altar
Vaults:3: hangedman_vaults_nails, vaults_dpeg_hooks, v_pattern_4,
          nicolae_vaults_diagonal_hallway_6, minmay_crypt_entry_simple_corners,
          nicolae_vaults_circle_grid_b, v_alt_pattern_3, v_misc_3,
          nicolae_vaults_gold_heap
Vaults:4: nicolae_vaults_quadrants, vaults_room_stairs_pillars,
          nicolae_vaults_angled_halls, hangedman_vaults_unwind,
          nicolae_vaults_big_ls, vaults_room_door_hall, v_misc_17, v_misc_10,
          v_misc_2, v_pattern_1, grunt_vaults_diagonal,
          nicolae_vaults_diagonal_hallway_8, ontoclasm_vaults_loading_screen,
          serial_shops, nicolae_shop_statue_plus, infiniplex_enter_wizlab_water
Vaults:5: uniq_sojobo
Depths:1: grunt_mini_vestibule, abyss_entry_flame_altar,
          minmay_misc_feat_columns, kennysheep_small_circle,
          hangedman_decor_cross_pass, uniq_aizul
Depths:2: minmay_gate_of_8, enter_ziggurat_e, hell_entry,
          rand_demon_pan_entry_4, minmay_misc_feat_enclosed,
          infiniplex_staircase_pool_lava, serial_bayou_shore_b,
          minmay_shop_grove, uniq_nikola
Depths:3: regret_index_dithmenos_brocken_genspenst, pan_entry,
          pf_hell_entry_tar_river, nicolae_benzene_ring, minmay_shop_star,
          serial_bayou_shore_b, minmay_staircase_windowed_large
Depths:4: minmay_expanding_circles, abyss_entry, hell_entry,
          infiniplex_staircase_star, grunt_megastairs_4, basic_stair_grate_trap,
          kennysheep_random_hallway
Depths:5: grunt_zot_entry_tricorne, hell_entry, minmay_misc_feat_roman,
          pan_entry, uniq_margery
Abyss:2:  minivault_19
Abyss:3:  evilmike_abyss_exit_kraken, minivault_23
Abyss:4:  evilmike_abyss_rune_elephants_shrine, evilmike_abyss_exit_smiterflies,
          minivault_19
Abyss:5:  evilmike_abyss_exit_plants, hangedman_grunt_abyss_rune_horror_hoard,
          evilmike_abyss_exit_9, patterned_corridor
Sewer:    sewer_co_cracked_pipes
WizLab:   wizlab_golubria

Skill      XL: |  1  2  3  4  5  6  7  8  9 10 11 12 13 14 15 16 17 18 19 20 21 22 23 24 25 26 27 |
---------------+----------------------------------------------------------------------------------+-----
Long Blades    | 3 4 5 6 |  6.4
Fighting       | 4 5 6 8 9 10 11 13 14 15 17 19 21 22 23 25 26 | 26.1
Axes           | 3 5 7 10 12 14 16 18 19 | 19.9
Shields        | 5 7 11 13 15 17 22 25 | 25.3
Invocations    | 4 7 9 10 12 13 14 15 18 19 | 19.2
Armour         | 6 8 |  8.6
Slings         | 1 7 12 15 16 | 16.6
Air Magic      | 5 8 10 11 | 11.2
Maces & Flails | 11 16 19 | 19.8

Action                   |  1- 3 |  4- 6 |  7- 9 | 10-12 | 13-15 | 16-18 | 19-21 | 22-24 | 25-27 || total
-------------------------+-------+-------+-------+-------+-------+-------+-------+-------+-------++-------
Melee: Long sword        |    62 |    36 |       |       |       |       |       |       |       ||    98
       Headbutt          |    13 |    10 |    71 |   123 |   375 |   419 |   310 |   368 |   480 ||  2169
       Hand axe          |       |    74 |   262 |   535 |  1273 |   997 |   838 |   748 |   340 ||  5067
       Battleaxe         |       |       |   112 |       |       |       |       |       |       ||   112
       Demon trident     |       |       |       |       |    11 |       |       |       |       ||    11
       War axe           |       |       |       |       |       |   463 |       |       |       ||   463
       Morningstar       |       |       |       |       |       |       |   166 |   252 |  1267 ||  1685
 Fire: Fustibalus        |       |       |       |       |    10 |       |       |       |       ||    10
       Hunting sling     |       |       |       |       |    73 |   661 |   974 |  1198 |   140 ||  3046
Throw: Stone             |       |     5 |     2 |       |       |       |       |       |       ||     7
       Tomahawk          |       |       |       |     4 |    18 |    14 |       |       |       ||    36
       Javelin           |       |       |       |       |       |       |    21 |       |       ||    21
Invok: Stomp             |       |       |       |     2 |     5 |     4 |     3 |    11 |    12 ||    37
       Line Pass         |       |       |       |       |     1 |       |       |       |       ||     1
       Grand Finale      |       |       |       |       |       |       |       |     1 |       ||     1
 Abil: Evoke Blink       |       |       |       |       |       |       |       |       |     2 ||     2
Evoke: Wand              |       |       |       |     1 |     8 |     3 |     5 |       |       ||    17
       Phial of floods   |       |       |       |       |     1 |     2 |     2 |     1 |     1 ||     7
       Lightning rod     |       |       |       |       |       |       |       |     1 |       ||     1
  Use: Scroll            |       |     1 |    10 |    10 |     8 |    22 |    22 |    23 |    10 ||   106
       Potion            |       |       |     2 |     8 |     6 |     7 |     4 |    11 |    12 ||    50
 Stab: Paralysed         |       |       |    10 |    86 |   134 |   139 |   128 |   143 |   175 ||   815
       Held in net/web   |       |       |       |       |       |     3 |       |       |       ||     3
  Eat: Chunk             |     1 |     4 |    13 |    19 |    21 |    27 |    33 |    24 |    16 ||   158
       Royal jelly       |       |     1 |     1 |       |     2 |     1 |       |       |     1 ||     6
       Bread ration      |       |       |     1 |       |     2 |     2 |       |     1 |     1 ||     7
       Fruit             |       |       |       |       |       |    10 |     6 |     1 |     3 ||    20
       Meat ration       |       |       |       |       |       |       |       |     1 |     1 ||     2
Armor: Scale mail        |    30 |    54 |    97 |    13 |       |       |       |       |       ||   194
       Chain mail        |       |       |       |    93 |   245 |   612 |   202 |   347 |   321 ||  1820
Dodge: Dodged            |    18 |    33 |    84 |    74 |   201 |   366 |   134 |   218 |   239 ||  1367
Block: Shield            |    29 |    60 |   141 |   298 |   890 |  1634 |   784 |  1091 |   378 ||  5305
       Reflection        |       |       |    22 |     8 |    29 |   125 |   113 |   104 |    70 ||   471
       Other             |       |       |    11 |       |       |       |       |       |       ||    11
       Large shield      |       |       |       |       |       |       |       |       |  1393 ||  1393
       Rpst.: Long sword |     5 |     2 |       |       |       |       |       |       |       ||     7
